 Dungeon Crawl Stone Soup version 0.31-a0-408-gb642c7f9a3 (webtiles) character file.

Game seed: 3725801132838278039

4089 shadowstone the Covert (level 10, 0/46 HPs)
             Began as an Octopode Shapeshifter on July 29, 2023.
             Was a Believer of Hepliaklqana.
             Slain by a yak (1 damage)
             ... on level 9 of the Dungeon.
             The game lasted 00:48:41 (11149 turns).

shadowstone the Covert (Octopode Shapeshifter)     Turns: 11149, Time: 00:48:42

Health: 0/46       AC: 13    Str: 20    XL:     10   Next: 26%
Magic:  17/17      EV: 12    Int: 10    God:    Hepliaklqana [**....]
Gold:   1326       SH:  0    Dex: 17    Spells: 16/18 levels left

rFire   . . .        j - melded +0 falchion (spect)
rCold   . . .        (shield currently unavailable)
rNeg    . . .        (helmet currently unavailable)
rPois   .            f - amulet of regeneration
rElec   .            e - ring of flight
rCorr   .            l - ring of willpower
SInv    .            v - +4 ring of protection
Will    +....        (no ring)
Stlth   ++++         (no ring)
HPRegen 1.07/turn    (no ring)
MPRegen 0.15/turn    (no ring)
                     (no ring)

%: no passive effects
@: snake-form, flying
A: constrict, reduced hp, reduced essence, almost no armour, amphibious, 8
rings, large, (camouflage 1), (gelatinous body 1), (nimble swimmer 1),
(tentacles)
a: Begin Untransformation, Renounce Religion, Recall Ancestor, Ancestor Identity


You were on level 9 of the Dungeon.
You worshipped Hepliaklqana.
Hepliaklqana was pleased with you.
You were an enormous anaconda.
You visited 2 branches of the dungeon, and saw 10 of its levels.
You also visited: Sewer.

You collected 1326 gold pieces.

Inventory:

Hand Weapons
 h - a +0 arbalest
 j - a +0 spectral falchion (melded)
 y - a +4 dagger
 z - a +3 scimitar
 B - a +0 giant club
Missiles
 d - 32 poisoned darts (quivered)
Armour
 g - a +0 helmet
 m - a +0 robe
 n - a +0 pair of boots
Jewellery
 e - a ring of flight (left tentacle)
 f - an amulet of regeneration (around neck)
 l - a ring of willpower (right tentacle)
 v - a +4 ring of protection (on tentacle)
Talismans
 b - a beast talisman
 k - a serpent talisman
Wands
 s - a wand of charming (10)
Scrolls
 p - a scroll of fear {unknown}
 w - a scroll of identify
 A - a scroll of revelation {unknown}
Potions
 a - 2 potions of lignification
 i - a potion of haste
 o - 2 potions of mutation {unknown}
 q - a potion of resistance {unknown}
 r - 2 potions of cancellation {unknown}
 t - a potion of attraction
 x - a potion of heal wounds


   Skills:
 + Level 2.7 Fighting
 + Level 3.6 Long Blades
 + Level 1.0 Throwing
 + Level 5.8 Dodging
 + Level 8.4 Stealth
 + Level 7.6 Unarmed Combat
 * Level 4.9 Spellcasting
 * Level 6.1 Shapeshifting


You had 16 spell levels left.
You knew the following spells:

 Your Spells              Type           Power      Damage    Failure   Level
a - Wereblood             Tmut           2%         N/A       34%         2

Your spell library contained the following spells:

 Spells                   Type           Power      Damage    Failure   Level
 Magic Dart               Conj           8%         1d3       24%         1
 Shock                    Conj/Air       8%         1d3       24%         1
 Call Imp                 Summ           4%         N/A       34%         2
 Sublimation of Blood     Necr           2%         N/A       34%         2
 Mephitic Cloud           Conj/Pois/Air  2%         N/A       56%         3
 Swiftness                Air            2%         N/A       56%         3
 Airstrike                Air            1%         2d(1-17)  93%         4
 Summon Ice Beast         Ice/Summ       2%         N/A       93%         4
 Summon Mana Viper        Hex/Summ       2%         N/A       100%        5
 Monstrous Menagerie      Summ           1%         N/A       100%        7
 Summon Hydra             Summ           1%         N/A       100%        7


Dungeon Overview and Level Annotations

Branches:
Dungeon (9/15)             Temple (1/1) D:5             Orc (0/2) D:9
  Sewer (visited)
   Lair: D:8-11

Altars:
Ashenzari
Cheibriados
Dithmenos
Elyvilon
Fedhas
Gozag
Hepliaklqana
Kikubaaqudgha
Makhleb
Nemelex Xobeh
Okawaru
Qazlal
Ru
Sif Muna
Trog
Uskayaw
Vehumet
Wu Jian
Xom
The Shining One


Innate Abilities, Weirdness & Mutations

You are an enormous anaconda.
You have a powerful constriction melee attack.
Your maximum health is decreased, since you lack skill for your form.
Your armour is entirely melded.
You are incapable of wielding weapons or throwing items.
Your life essence is reduced to manifest your ancestor. (-10% HP)
You cannot wear most types of armour.
You are amphibious.
You can wear up to eight rings at the same time.
((Your skin changes colour to match your surroundings (Stealth+).))
((Your rubbery body absorbs attacks. (AC +1, EV +1)))
((You are camouflaged when in or above water. (Stealth+)))
((You have tentacles for arms and can constrict up to eight enemies at once.))


Message History

The yak is moderately wounded.
You constrict the yak. The yak completely misses you.
The yak closely misses you.
You hit the yak but do no damage.
The yak is moderately wounded.
You constrict the yak. You hit the yak.
The yak is heavily wounded.
You constrict the yak. The yak closely misses you.
The yak gores you but does no damage.
You hit the yak but do no damage.
The yak is severely wounded.
You constrict the yak. The yak barely misses you. The yak closely misses you.
The yak gores you.
You lash the yak!
The yak is almost dead.
You constrict the yak. The yak misses you.
The yak gores you but does no damage. The yak barely misses you.
You lash the yak!
You kill the yak!
The yak gores you. The yak gores you! The yak gores you but does no damage.
The yak gores you!
You hit the yak. You grab the yak.
The yak is lightly wounded.
You constrict the yak. The yak barely misses you. The yak closely misses you.
The yak gores you.
* * * LOW HITPOINT WARNING * * *
The yak gores you.
* * * LOW HITPOINT WARNING * * *
The yak gores you!
* * * LOW HITPOINT WARNING * * *
You lash the yak!
The yak is moderately wounded.
You constrict the yak. You hit the yak but do no damage.
The yak is heavily wounded.
You constrict the yak. The yak barely misses you. The yak gores you.
* * * LOW HITPOINT WARNING * * *
The yak gores you.
You die...

### ##.##
##...##
##.....##
##.......#####
#.............
#.###.YY....##
Y......YS...##
..##...YY..##
#.###..## ...
#... ###.
#..#. . ...#..
....# ## .#...


You could see 5 yaks.

Vanquished Creatures
  A hornet (D:9)
  A yak (D:9)
  A wyvern (D:9)
  A steam dragon (D:8)
  2 water moccasins (D:5)
  A sky beast (D:6)
  An orc warrior (D:8)
  2 ice beasts (D:3)
  2 centaurs (D:8)
  A phantom (D:7)
  2 bullfrogs
  2 kobold brigands
  3 scorpions
  2 wights (D:8)
  A killer bee (D:8)
  2 jellies (D:6)
  4 hounds
  2 orc priests
  An iguana (D:5)
  7 adders
  A white imp (D:5)
  An ufetubus (D:5)
  4 worms
  A dart slug (D:5)
  9 orcs
  9 ball pythons
  5 bats
  6 endoplasms
  10 giant cockroaches
  5 goblins
  5 hobgoblins
  8 jackals
  12 kobolds
  6 quokkas
  5 frilled lizards
  2 rats
128 creatures vanquished.

Vanquished Creatures (collateral kills)
  A two-headed ogre (D:8)
  A shadow (D:7)
  A steam dragon (D:8)
  2 sky beasts (D:7)
  An ice beast (D:7)
  A kobold brigand (D:8)
  A bullfrog (D:8)
  3 wights (D:8)
  2 killer bees (D:8)
  A howler monkey (D:6)
  A hound (D:6)
  3 orc wizards (D:8)
  4 orcs
  5 kobolds
27 creatures vanquished.

Vanquished Creatures (others)
  A battlemage (D:9)
1 creature vanquished.

Grand Total: 156 creatures vanquished

Notes
Turn   | Place    | Note
-------+----------+-------------------------------------------
     0 | D:1      | shadowstone the Octopode Shapeshifter began the quest for
                  | the Orb.
     0 | D:1      | Reached XP level 1. HP: 13/13 MP: 1/1
    20 | D:1      | Reached XP level 2. HP: 14/18 MP: 2/2
  1079 | D:2      | Reached XP level 3. HP: 23/23 MP: 3/3
  1298 | D:2      | Reached skill level 1 in Stealth
  2086 | D:3      | Noticed an ice beast
  2107 | D:3      | Killed an ice beast
  2108 | D:3      | Reached skill level 2 in Stealth
  2108 | D:3      | Reached XP level 4. HP: 15/28 MP: 4/4
  2108 | D:3      | Reached XP level 5. HP: 18/33 MP: 5/5
  2181 | D:3      | Reached skill level 3 in Stealth
  2283 | D:3      | Noticed an ice beast
  2307 | D:3      | Killed an ice beast
  2308 | D:3      | Reached skill level 1 in Long Blades
  2308 | D:3      | Reached XP level 6. HP: 13/38 MP: 6/6
  3103 | D:4      | Found a glowing drain.
  3125 | D:4      | Reached skill level 4 in Stealth
  3555 | Sewer    | Entered a sewer
  3799 | D:5      | Entered Level 5 of the Dungeon
  3884 | D:5      | Found a white marble altar of Elyvilon.
  3988 | D:5      | Found a staircase to the Ecumenical Temple.
  4026 | Temple   | Entered the Ecumenical Temple
  4105 | Temple   | Became a worshipper of Hepliaklqana the Forgotten
  4250 | Temple   | Identified a scroll of acquirement
  4251 | Temple   | Acquired an amulet of regeneration
  6261 | D:5      | Noticed a water moccasin
  6409 | D:5      | Identified the +0 ring mail of Responsibility {rCorr Str+6
                  | Slay-3}
  6679 | D:5      | Killed a water moccasin
  6680 | D:5      | Reached skill level 1 in Throwing
  6680 | D:5      | Reached XP level 7. HP: 34/43 MP: 6/8
  6706 | D:5      | Reached skill level 5 in Unarmed Combat
  6706 | D:5      | Reached skill level 1 in Spellcasting
  7605 | D:6      | Reached XP level 8. HP: 32/50 MP: 10/10
  7654 | D:6      | Reached skill level 5 in Stealth
  7810 | D:6      | Reached * piety under Hepliaklqana
  7828 | D:6      | Acquired 849 gold pieces
  9079 | D:7      | Learned a level 2 spell: Wereblood
  9174 | D:7      | Reached ** piety under Hepliaklqana
  9175 | D:7      | Remembered your ancestor Ravaldo as a battlemage
  9409 | D:7      | Reached skill level 5 in Shapeshifting
  9838 | D:7      | Noticed a shadow
  9848 | D:7      | Killed a shadow
  9849 | D:7      | Reached skill level 6 in Stealth
  9849 | D:7      | Reached XP level 9. HP: 45/49 MP: 13/13
 10425 | D:8      | Reached skill level 5 in Dodging
 10464 | D:8      | Reached skill level 7 in Stealth
 10816 | D:8      | Found an ancient bone altar of Kikubaaqudgha.
 10839 | D:8      | Noticed a two-headed ogre
 10847 | D:8      | Killed a two-headed ogre
 10848 | D:8      | Reached skill level 8 in Stealth
 10848 | D:8      | Reached XP level 10. HP: 44/54 MP: 16/16
 11109 | D:9      | Found a staircase to the Orcish Mines.
 11149 | D:9      | HP: 1/46 [yak (3)]
 11149 | D:9      | Slain by a yak

Illustrated notes

Levels and vault maps discovered:
D:1:      minmay_arrival_arboretum_small, layout_loops_cross, nrook_uturn,
          minmay_door_square, minmay_gold_behind_fungi
D:2:      layout_loops_corners
D:3:      layout_loops_ring
D:4:      layout_gridville, cheibrodos_sewer_entry_drain
D:5:      kennysheep_six_static_rooms, layout_loops_ring, elyvilon_altar_1,
          minmay_temple_entry_glass, minivault_26
D:6:      layout_basic, kennysheep_big_empty_room
D:7:      layout_gridville
D:8:      layout_cave_pools, general_overflow_altar
D:9:      layout_loops_ring, mainiacjoe_overflow_big_doors, david_orc_3
Temple:   nicolae_temple_no_exploring_needed

Skill      XL: |  1  2  3  4  5  6  7  8  9 10 |
---------------+-------------------------------+-----
Stealth        | 2 3 4 6 8 |  8.4
Unarmed Combat | 4 5 6 7 |  7.6
Long Blades    | 1 2 3 |  3.6
Dodging        | 3 4 5 |  5.8
Shapeshifting  | 4 5 6 |  6.1
Throwing       | 1 |  1.0
Spellcasting   | 1 3 4 |  4.9
Fighting       | 2 |  2.7

Action                     |  1- 3 |  4- 6 |  7- 9 | 10-12 || total
---------------------------+-------+-------+-------+-------++-------
  Melee: Unarmed           |    77 |   118 |    95 |    23 ||   313
         Constrict         |    22 |    18 |    24 |     5 ||    69
         Tentacles         |    11 |     7 |     9 |       ||    27
         Falchion          |    11 |    20 |    48 |       ||    79
         Punch             |     1 |     2 |       |       ||     3
  Throw: Dart              |       |    13 |       |       ||    13
 Invoke: Recall Ancestor   |       |       |     2 |       ||     2
         Ancestor Identity |       |       |     2 |       ||     2
         Ancestor Life: Ba |       |       |     1 |       ||     1
Ability: Begin Untransform |       |     2 |       |       ||     2
    Use: Scroll            |       |     8 |     3 |     1 ||    12
         Potion            |       |     7 |       |     1 ||     8
   Stab: Sleeping          |     5 |     5 |     6 |       ||    16
         Distracted        |       |       |     4 |       ||     4
 Armour: Skin              |    22 |    31 |    90 |     9 ||   152
  Dodge: Dodged            |    57 |    53 |   123 |    20 ||   253
   Form: Anaconda          |     1 |     2 |     4 |     1 ||     8
         Beast             |       |     2 |       |       ||     2
                           |       |     1 |     3 |     1 ||     5

Table legend: (Time is in decaauts)
 A = Elapsed time spent in this place.
 B = Non-inter-level travel time spent in this place.
 C = Inter-level travel time spent in this place.
 D = Time resting spent in this place.
 E = Time spent auto-exploring this place.
 F = Levels seen in this place.
 G = Mean time per level.
                   A        B        C        D        E       F      G
               +--------+--------+--------+--------+--------+-----+--------+
         Total |  11113 |  10807 |    306 |   3087 |   2573 |  11 | 1010.3 |
       Dungeon |   9448 |   9250 |    198 |   1771 |   2573 |   9 | 1049.8 |
        Temple |   1578 |   1470 |    108 |   1316 |      0 |   1 | 1578.0 |
         Sewer |     87 |     87 |      0 |      0 |      0 |   1 |   87.0 |
               +--------+--------+--------+--------+--------+-----+--------+

Top non-repeatable levels by time:
     D:5: 2127 daAuts
  Temple: 1578 daAuts
     D:6: 1293 daAuts
     D:7: 1282 daAuts
     D:1: 1065 daAuts
     D:2: 1018 daAuts
     D:8: 1003 daAuts
     D:3: 994 daAuts
     D:4: 626 daAuts
   Sewer: 87 daAuts
     D:9: 36 daAuts
